[Event "CAT-chT 2020"]
[Site "Catalonia"]
[Date "2020.02.15"]
[Round "5"]
[White "Garriga Cazorla, Pere"]
[Black "Granados Gomez, Manuel"]
[Result "*"]
[ECO "D19"]
[WhiteElo "2486"]
[BlackElo "2374"]
[Annotator "ChessBase"]
[PlyCount "39"]
[EventDate "2020.01.18"]
[EventType "team-tourn"]
[EventCountry "ESP"]
[SourceTitle "playchess.com"]
[Source "ChessBase"]
[SourceQuality "1"]
[TimeControl "5400+30"]

1. Nf3 d5 2. c4 c6 3. d4 Nf6 4. Nc3 dxc4 5. a4 Bf5 6. e3 e6 7. Bxc4 Bb4 8. O-O O-O 9. Qe2 Ne4 10. Ne5 Nxc3 11. bxc3 Bxc3 12. Ra3 Bb4 13. Rb3 a5 14. e4 Bg6 15. h4 Qxh4 16. Nxg6 hxg6 17. Rh3 Qe7 18. Qg4 Re8 19. Bg5 f6 20. f4 *

[Event "CAT-chT 2020"]
[Site "Catalonia"]
[Date "2020.02.15"]
[Round "5"]
[White "Mellado Trivino, Juan"]
[Black "Garrido Fernandez, Daniel"]
[Result "*"]
[ECO "B30"]
[WhiteElo "2349"]
[BlackElo "2266"]
[Annotator "ChessBase"]
[PlyCount "20"]
[EventDate "2020.01.18"]
[EventType "team-tourn"]
[EventCountry "ESP"]
[SourceTitle "playchess.com"]
[Source "ChessBase"]
[SourceQuality "1"]
[TimeControl "5400+30"]

1. e4 c5 2. Nf3 Nc6 3. c3 d5 4. exd5 Qxd5 5. d4 g6 6. Be2 cxd4 7. cxd4 Bg7 8. Nc3 Qa5 9. d5 Nb4 10. O-O Nf6 *

[Event "CAT-chT 2020"]
[Site "Catalonia"]
[Date "2020.02.15"]
[Round "5"]
[White "Torrecillas Martinez, Antonio"]
[Black "Rios, Cristhian Camilo"]
[Result "*"]
[WhiteElo "2313"]
[BlackElo "2461"]
[Annotator "ChessBase"]
[PlyCount "24"]
[EventDate "2020.01.18"]
[EventType "team-tourn"]
[EventCountry "ESP"]
[SourceTitle "playchess.com"]
[Source "ChessBase"]
[SourceQuality "1"]
[TimeControl "5400+30"]

1. d4 d5 2. c4 e6 3. Nc3 Bb4 4. Qb3 c5 5. cxd5 exd5 6. a3 Ba5 7. e3 c4 8. Qc2 Nc6 9. Nf3 Nge7 10. Be2 Bf5 11. Qd1 h6 12. O-O O-O *

[Event "CAT-chT 2020"]
[Site "Catalonia"]
[Date "2020.02.15"]
[Round "5"]
[White "Estrella Vidiella, Jordi"]
[Black "Fernandez Diaz, Cristian"]
[Result "*"]
[ECO "B07"]
[WhiteElo "2301"]
[BlackElo "2321"]
[Annotator "ChessBase"]
[PlyCount "22"]
[EventDate "2020.01.18"]
[EventType "team-tourn"]
[EventCountry "ESP"]
[SourceTitle "playchess.com"]
[Source "ChessBase"]
[SourceQuality "1"]
[TimeControl "5400+30"]

1. e4 d6 2. d4 Nf6 3. Nc3 g6 4. f3 a6 5. Be3 b5 6. Qd2 Nbd7 7. a4 bxa4 8. Nxa4 Bg7 9. Bh6 O-O 10. h4 e5 11. d5 Nh5 *

[Event "CAT-chT 2020"]
[Site "Catalonia"]
[Date "2020.02.15"]
[Round "5"]
[White "Almeida Toledano, Daniel"]
[Black "Morros Faura, Ricard"]
[Result "*"]
[ECO "B51"]
[WhiteElo "2257"]
[BlackElo "2242"]
[Annotator "ChessBase"]
[PlyCount "26"]
[EventDate "2020.01.18"]
[EventType "team-tourn"]
[EventCountry "ESP"]
[SourceTitle "playchess.com"]
[Source "ChessBase"]
[SourceQuality "1"]
[TimeControl "5400+30"]

1. e4 c5 2. Nf3 d6 3. Bb5+ Nd7 4. a4 Ngf6 5. d3 g6 6. a5 Bg7 7. a6 bxa6 8. Bxa6 Bxa6 9. Rxa6 c4 10. O-O O-O 11. Nc3 cxd3 12. cxd3 Nc5 13. Ra3 Qb6 *

[Event "CAT-chT 2020"]
[Site "Catalonia"]
[Date "2020.02.15"]
[Round "5"]
[White "Montilla Carrillo, Esteban"]
[Black "Arias Boo, Guillermo"]
[Result "*"]
[ECO "B07"]
[WhiteElo "2187"]
[BlackElo "2191"]
[Annotator "ChessBase"]
[PlyCount "21"]
[EventDate "2020.01.18"]
[EventType "team-tourn"]
[EventCountry "ESP"]
[SourceTitle "playchess.com"]
[Source "ChessBase"]
[SourceQuality "1"]
[TimeControl "5400+30"]

1. e4 d6 2. d4 Nf6 3. Nc3 Nbd7 4. Nf3 e5 5. Bc4 Be7 6. O-O c6 7. a4 Qc7 8. Re1 h6 9. a5 Nf8 10. Nh4 g6 11. d5 *

[Event "CAT-chT 2020"]
[Site "Catalonia"]
[Date "2020.02.15"]
[Round "5"]
[White "Chalmeta Ugas, Jordi"]
[Black "Lever, Erwan"]
[Result "*"]
[ECO "D80"]
[WhiteElo "2173"]
[BlackElo "2146"]
[Annotator "ChessBase"]
[PlyCount "33"]
[EventDate "2020.01.18"]
[EventType "team-tourn"]
[EventCountry "ESP"]
[SourceTitle "playchess.com"]
[Source "ChessBase"]
[SourceQuality "1"]
[TimeControl "5400+30"]

1. d4 Nf6 2. c4 g6 3. Nc3 d5 4. e3 Bg7 5. cxd5 Nxd5 6. Nxd5 Qxd5 7. Ne2 O-O 8. Nc3 Qd6 9. Be2 c5 10. d5 e6 11. e4 exd5 12. exd5 Nd7 13. O-O Nf6 14. Bf3 Bf5 15. g3 Rfe8 16. Bf4 Qd7 17. Qb3 *

[Event "CAT-chT 2020"]
[Site "Catalonia"]
[Date "2020.02.15"]
[Round "5"]
[White "Garcia Marin, Guillem"]
[Black "Alvarez Albiol, Victor"]
[Result "*"]
[ECO "A43"]
[WhiteElo "2037"]
[BlackElo "2163"]
[Annotator "NA"]
[PlyCount "29"]
[EventDate "2020.01.18"]
[EventType "team-tourn"]
[EventCountry "ESP"]
[SourceTitle "playchess.com"]
[Source "ChessBase"]
[SourceQuality "1"]
[TimeControl "5400+30"]

1. d4 Nf6 2. Nf3 c5 3. d5 g6 4. Nc3 Bg7 5. e4 d6 6. Bc4 O-O 7. O-O Nbd7 8. a4 Nb6 9. Bb3 Bg4 10. a5 Nbd7 11. h3 Bxf3 12. Qxf3 b6 13. axb6 axb6 14. Bg5 h6 15. Bh4 *

[Event "CAT-chT 2020"]
[Site "Catalonia"]
[Date "2020.02.15"]
[Round "5"]
[White "Valentin Sosa, Ameyalli Mo"]
[Black "Mestre Bellido, Hector"]
[Result "*"]
[ECO "C44"]
[WhiteElo "1634"]
[BlackElo "2285"]
[Annotator "ChessBase"]
[PlyCount "29"]
[EventDate "2020.01.18"]
[EventType "team-tourn"]
[EventCountry "ESP"]
[SourceTitle "playchess.com"]
[Source "ChessBase"]
[SourceQuality "1"]
[TimeControl "5400+30"]

1. e4 e5 2. Nf3 Nc6 3. Bc4 Bc5 4. d3 d6 5. c3 Nf6 6. O-O a6 7. Bb3 Ba7 8. Nbd2 O-O 9. h3 Nh5 10. Nc4 Nf4 11. Bxf4 exf4 12. d4 Kh8 13. Re1 f5 14. exf5 Bxf5 15. Bc2 *

[Event "CAT-chT 2020"]
[Site "Catalonia"]
[Date "2020.02.15"]
[Round "5.2"]
[White "Garriga Cazorla, Pere"]
[Black "Granados Gomez, Manuel"]
[Result "1-0"]
[ECO "D19"]
[WhiteElo "2486"]
[BlackElo "2374"]
[Annotator "ChessBase"]
[PlyCount "53"]
[EventDate "2020.01.18"]
[EventType "team-tourn"]
[EventCountry "ESP"]
[SourceTitle "playchess.com"]
[Source "ChessBase"]
[SourceQuality "1"]
[TimeControl "5400+30"]

1. Nf3 d5 2. c4 c6 3. d4 Nf6 4. Nc3 dxc4 5. a4 Bf5 6. e3 e6 7. Bxc4 Bb4 8. O-O O-O 9. Qe2 Ne4 10. Ne5 Nxc3 11. bxc3 Bxc3 12. Ra3 Bb4 13. Rb3 a5 14. e4 Bg6 15. h4 Qxh4 16. Nxg6 hxg6 17. Rh3 Qe7 18. Qg4 Re8 19. Bg5 f6 20. f4 b5 21. Ba2 Bd2 22. f5 Bxg5 23. Bxe6+ Qxe6 24. fxe6 Na6 25. e5 Nc7 26. exf6 gxf6 27. Rxf6 1-0

[Event "CAT-chT 2020"]
[Site "Catalonia"]
[Date "2020.02.15"]
[Round "5.2"]
[White "Cruz Sanchez, Jonathan Esteban"]
[Black "Cuartas Medina, Jaime Alexander"]
[Result "0-1"]
[ECO "B23"]
[WhiteElo "2387"]
[BlackElo "2508"]
[Annotator "ChessBase"]
[PlyCount "107"]
[EventDate "2020.01.18"]
[EventType "team-tourn"]
[EventCountry "ESP"]
[SourceTitle "playchess.com"]
[Source "ChessBase"]
[SourceQuality "1"]
[TimeControl "5400+30"]

1. e4 c5 2. Nc3 Nc6 3. f4 g6 4. Nf3 Bg7 5. Bb5 Nd4 6. O-O Nxb5 7. Nxb5 d5 8. exd5 a6 9. Nc3 Nf6 10. d4 Nxd5 11. dxc5 Nxc3 12. Qxd8+ Kxd8 13. bxc3 Bxc3 14. Rb1 Kc7 15. Rb3 Bf6 16. Bd2 a5 17. Rfb1 Ra7 18. c6 Kxc6 19. Bc3 Kc7 20. Be5+ Bxe5 21. Nxe5 Ra6 22. Rc3+ Kb8 23. Nxf7 Rf8 24. Ne5 Be6 25. Rc6 Rxc6 26. Nxc6+ Kc7 27. Nxa5 b6 28. Nb3 Rxf4 29. Re1 Kd6 30. Re2 Bd5 31. Rd2 e5 32. Rf2 Rc4 33. Re2 b5 34. Kf2 b4 35. g3 Rc8 36. Rd2 g5 37. Nc1 e4 38. Ne2 Ke5 39. c3 bxc3 40. Rc2 Bc4 41. Rxc3 Rf8+ 42. Ke1 Bxa2 43. Rc5+ Bd5 44. Nc3 Rd8 45. Nxd5 Rxd5 46. Rc7 h6 47. Ke2 Ra5 48. Re7+ Kf5 49. Rf7+ Kg4 50. Ke3 Ra2 51. h4 Kxg3 52. hxg5 hxg5 53. Rf1 Kg2 54. Re1 0-1

[Event "CAT-chT 2020"]
[Site "Catalonia"]
[Date "2020.02.15"]
[Round "5.3"]
[White "Arnaudov, G. Petar"]
[Black "Dominguez Pons, Eric"]
[Result "0-1"]
[ECO "D15"]
[WhiteElo "2473"]
[BlackElo "2374"]
[Annotator "ChessBase"]
[PlyCount "72"]
[EventDate "2020.01.18"]
[EventType "team-tourn"]
[EventCountry "ESP"]
[SourceTitle "playchess.com"]
[Source "ChessBase"]
[SourceQuality "1"]
[TimeControl "5400+30"]

1. Nf3 c6 2. d4 d5 3. c4 Nf6 4. Nc3 dxc4 5. e4 b5 6. e5 Nd5 7. a4 Nxc3 8. bxc3 e6 9. Ng5 h6 10. Qh5 g6 11. Qh3 Bb7 12. Be2 Nd7 13. O-O a6 14. f4 Be7 15. Bf3 Qc7 16. Be4 c5 17. Nxf7 Kxf7 18. Bxg6+ Kxg6 19. Qxe6+ Nf6 20. axb5 Bd5 21. Qh3 axb5 22. f5+ Kg7 23. Rxa8 Bxa8 24. exf6+ Bxf6 25. Qg4+ Kf8 26. Bf4 Qg7 27. Qe2 cxd4 28. cxd4 Bxd4+ 29. Kh1 Bf6 30. Bg3 Kg8 31. Qe8+ Kh7 32. Qxb5 Qb7 33. Qxb7+ Bxb7 34. Rb1 Be4 35. Rb6 Rd8 36. h4 Bd4 0-1

[Event "CAT-chT 2020"]
[Site "Catalonia"]
[Date "2020.02.15"]
[Round "5.3"]
[White "Torrecillas Martinez, Antonio"]
[Black "Rios, Cristhian Camilo"]
[Result "0-1"]
[ECO "D31"]
[WhiteElo "2313"]
[BlackElo "2461"]
[Annotator "ChessBase"]
[PlyCount "76"]
[EventDate "2020.01.18"]
[EventType "team-tourn"]
[EventCountry "ESP"]
[SourceTitle "playchess.com"]
[Source "ChessBase"]
[SourceQuality "1"]
[TimeControl "5400+30"]

1. d4 d5 2. c4 e6 3. Nc3 Bb4 4. Qb3 c5 5. cxd5 exd5 6. a3 Ba5 7. e3 c4 8. Qc2 Nc6 9. Nf3 Nge7 10. Be2 Bf5 11. Qd1 h6 12. O-O O-O 13. Bd2 a6 14. b3 b5 15. bxc4 bxc4 16. Na4 Rb8 17. Bxa5 Qxa5 18. Nc5 Rb2 19. Qe1 Rfb8 20. Ne5 Rxe2 21. Nxc6 Rxe1 22. Nxa5 Rxa1 23. Rxa1 Rb5 24. Nab7 Rb6 25. a4 Nc6 26. a5 Rb2 27. Rc1 Nb4 28. Nd6 Na2 29. Re1 Bg6 30. Na4 Rb4 31. Nb6 c3 32. Nxd5 Rb1 33. Rxb1 Bxb1 34. Nxc3 Nxc3 35. Nb7 Bd3 36. Nc5 Bc4 37. f3 Kf8 38. e4 Ne2+ 0-1

[Event "CAT-chT 2020"]
[Site "Catalonia"]
[Date "2020.02.15"]
[Round "5.4"]
[White "Sosa, Tomas"]
[Black "Mestre Bellido, Hector"]
[Result "1-0"]
[ECO "C50"]
[WhiteElo "2511"]
[BlackElo "2285"]
[Annotator "ChessBase"]
[PlyCount "97"]
[EventDate "2020.01.18"]
[EventType "team-tourn"]
[EventCountry "ESP"]
[SourceTitle "playchess.com"]
[Source "ChessBase"]
[SourceQuality "1"]
[TimeControl "5400+30"]

1. e4 e5 2. Nf3 Nc6 3. Bc4 Bc5 4. d3 d6 5. c3 Nf6 6. O-O a6 7. Bb3 Ba7 8. Nbd2 O-O 9. h3 Nh5 10. Nc4 Nf4 11. Bxf4 exf4 12. d4 Kh8 13. Re1 f5 14. exf5 Bxf5 15. Bc2 Qd7 16. Bxf5 Rxf5 17. Qd3 g6 18. Ncd2 d5 19. Re2 Rff8 20. Ne5 Nxe5 21. Rxe5 c6 22. Rae1 Rae8 23. Qe2 Rxe5 24. Qxe5+ Qg7 25. Qg5 h6 26. Qg4 Kh7 27. Nf3 Bb6 28. Re6 h5 29. Qg5 Bd8 30. Qe5 Qxe5 31. Nxe5 g5 32. Rd6 Re8 33. Rd7+ Kg8 34. Rxb7 Bf6 35. Nd3 Re2 36. Kf1 Rd2 37. Ke1 Rxd3 38. Ke2 Rxd4 39. cxd4 Bxd4 40. b4 c5 41. bxc5 Bxc5 42. Rd7 d4 43. Rd5 Be7 44. Rxd4 a5 45. a4 Kf7 46. Rd5 g4 47. Rxh5 gxh3 48. gxh3 Bb4 49. Rf5+ 1-0

[Event "CAT-chT 2020"]
[Site "Catalonia"]
[Date "2020.02.15"]
[Round "5.6"]
[White "Mellado Trivino, Juan"]
[Black "Garrido Fernandez, Daniel"]
[Result "1-0"]
[ECO "B30"]
[WhiteElo "2349"]
[BlackElo "2266"]
[Annotator "ChessBase"]
[PlyCount "51"]
[EventDate "2020.01.18"]
[EventType "team-tourn"]
[EventCountry "ESP"]
[SourceTitle "playchess.com"]
[Source "ChessBase"]
[SourceQuality "1"]
[TimeControl "5400+30"]

1. e4 c5 2. Nf3 Nc6 3. c3 d5 4. exd5 Qxd5 5. d4 g6 6. Be2 cxd4 7. cxd4 Bg7 8. Nc3 Qa5 9. d5 Nb4 10. O-O Nf6 11. a3 O-O 12. axb4 Qxa1 13. Nd4 Bd7 14. Nb3 Ba4 15. Nxa1 Bxd1 16. Rxd1 Rfd8 17. Nb3 Rac8 18. Be3 Ne8 19. Na5 Bxc3 20. bxc3 Rxc3 21. Nxb7 Rb8 22. Na5 Nd6 23. Nc6 Rb7 24. Bc5 Kf8 25. Ba6 Rc7 26. Re1 1-0

[Event "CAT-chT 2020"]
[Site "Catalonia"]
[Date "2020.02.15"]
[Round "5.6"]
[White "Bautista Sanchez, Joan"]
[Black "Alonso Moyano, Jonathan"]
[Result "0-1"]
[ECO "A21"]
[WhiteElo "2097"]
[BlackElo "2344"]
[Annotator "ChessBase"]
[PlyCount "90"]
[EventDate "2020.01.18"]
[EventType "team-tourn"]
[EventCountry "ESP"]
[SourceTitle "playchess.com"]
[Source "ChessBase"]
[SourceQuality "1"]
[TimeControl "5400+30"]

1. Nf3 f5 2. c4 Nf6 3. Nc3 d6 4. g3 e5 5. d3 Be7 6. Bg2 O-O 7. O-O Qe8 8. c5 Kh8 9. cxd6 Bxd6 10. Qb3 c6 11. Bg5 h6 12. Bxf6 Rxf6 13. Rad1 Nd7 14. Qc2 Nf8 15. Nd2 Be6 16. Nc4 Bc7 17. a4 a5 18. b3 Rd8 19. Na2 Bd5 20. e4 fxe4 21. dxe4 Bxc4 22. Rxd8 Qxd8 23. bxc4 Ne6 24. c5 Qf8 25. Rc1 Bb8 26. Bh3 Nd4 27. Qb2 Ba7 28. Rf1 Qe7 29. Nc1 Bxc5 30. Nd3 Ba7 31. Bg4 b5 32. axb5 cxb5 33. Qa2 Nc6 34. Kg2 Rd6 35. Rc1 Kh7 36. h4 Qf6 37. Qc2 Bb6 38. h5 Qg5 39. Bf5+ Kh8 40. Bg6 Ne7 41. f4 exf4 42. Nxf4 Be3 43. Rf1 Bxf4 44. Rxf4 Nxg6 45. hxg6 Qxg6 0-1

[Event "CAT-chT 2020"]
[Site "Catalonia"]
[Date "2020.02.15"]
[Round "5.7"]
[White "Obon Temprano, Sergi"]
[Black "Castellano Egea, Einar"]
[Result "1/2-1/2"]
[ECO "C07"]
[WhiteElo "2284"]
[BlackElo "2162"]
[Annotator "ChessBase"]
[PlyCount "44"]
[EventDate "2020.01.18"]
[EventType "team-tourn"]
[EventCountry "ESP"]
[SourceTitle "playchess.com"]
[Source "ChessBase"]
[SourceQuality "1"]
[TimeControl "5400+30"]

1. e4 e6 2. d4 d5 3. Nd2 c5 4. exd5 Qxd5 5. Ngf3 cxd4 6. Bc4 Qd6 7. O-O Nf6 8. Nb3 Nc6 9. Nbxd4 Nxd4 10. Qxd4 Qxd4 11. Nxd4 Be7 12. Rd1 O-O 13. Bf4 Bd7 14. c3 Rfc8 15. Bb3 Rc5 16. Be3 Rcc8 17. Bg5 Rc5 18. Nf5 Rxf5 19. Bxf6 Bc5 20. Bd4 Bc6 21. Bxc5 Rxc5 22. Rd2 Kf8 1/2-1/2

[Event "CAT-chT 2020"]
[Site "Catalonia"]
[Date "2020.02.15"]
[Round "5.7"]
[White "Almeida Toledano, Daniel"]
[Black "Morros Faura, Ricard"]
[Result "1/2-1/2"]
[ECO "B51"]
[WhiteElo "2257"]
[BlackElo "2242"]
[Annotator "ChessBase"]
[PlyCount "98"]
[EventDate "2020.01.18"]
[EventType "team-tourn"]
[EventCountry "ESP"]
[SourceTitle "playchess.com"]
[Source "ChessBase"]
[SourceQuality "1"]
[TimeControl "5400+30"]

1. e4 c5 2. Nf3 d6 3. Bb5+ Nd7 4. a4 Ngf6 5. d3 g6 6. a5 Bg7 7. a6 bxa6 8. Bxa6 Bxa6 9. Rxa6 c4 10. O-O O-O 11. Nc3 cxd3 12. cxd3 Nc5 13. Ra3 Qb6 14. Qe2 e6 15. d4 Nb3 16. e5 Nxc1 17. Rxc1 dxe5 18. dxe5 Nd7 19. Rd1 Qb7 20. Ne4 Nxe5 21. Nxe5 Bxe5 22. Qf3 Qxb2 23. Rad3 Rac8 24. Rb3 Qc2 25. g3 Rc7 26. h4 h5 27. Kg2 Bg7 28. Rd6 a5 29. Ra6 Rc4 30. Nd6 Rc3 31. Rxc3 Qxc3 32. Qb7 Qd2 33. Nc4 Qd5+ 34. Qxd5 exd5 35. Nxa5 Rd8 36. Nc6 Rd7 37. Ra8+ Kh7 38. Kf3 Bf6 39. Ke3 Rb7 40. Ra3 Kg7 41. Rd3 Rc7 42. Nb4 d4+ 43. Ke4 Re7+ 44. Kf3 Rd7 45. Ke4 Be7 46. Nc6 f5+ 47. Ke5 Bf6+ 48. Ke6 Rb7 49. Ra3 Rc7 1/2-1/2

[Event "CAT-chT 2020"]
[Site "Catalonia"]
[Date "2020.02.15"]
[Round "5.8"]
[White "Montilla Carrillo, Esteban"]
[Black "Arias Boo, Guillermo"]
[Result "1-0"]
[ECO "B07"]
[WhiteElo "2187"]
[BlackElo "2191"]
[Annotator "ChessBase"]
[PlyCount "73"]
[EventDate "2020.01.18"]
[EventType "team-tourn"]
[EventCountry "ESP"]
[SourceTitle "playchess.com"]
[Source "ChessBase"]
[SourceQuality "1"]
[TimeControl "5400+30"]

1. e4 d6 2. d4 Nf6 3. Nc3 Nbd7 4. Nf3 e5 5. Bc4 Be7 6. O-O c6 7. a4 Qc7 8. Re1 h6 9. a5 Nf8 10. Nh4 g6 11. d5 Bd7 12. Bb3 Nxd5 13. exd5 Bxh4 14. a6 c5 15. axb7 Qxb7 16. g3 Be7 17. f4 f6 18. fxe5 fxe5 19. Rf1 Rh7 20. Bc4 Qb4 21. Qe2 h5 22. Ne4 Bg4 23. Qd3 Bf5 24. Bd2 Bxe4 25. Qe2 Qxb2 26. Qxe4 Qd4+ 27. Qxd4 cxd4 28. Bb5+ Nd7 29. Bc6 Rb8 30. Rxa7 Bd8 31. Bh6 Rf7 32. Rxf7 Kxf7 33. Rxd7+ Kf6 34. h4 Kf5 35. Rxd6 Be7 36. Rd7 Bc5 37. Rf7+ 1-0

[Event "CAT-chT 2020"]
[Site "Catalonia"]
[Date "2020.02.15"]
[Round "5.8"]
[White "Travesset Ribera, Daniel"]
[Black "Perez Manas, Benjamin"]
[Result "1-0"]
[ECO "D34"]
[WhiteElo "2097"]
[BlackElo "2280"]
[Annotator "ChessBase"]
[PlyCount "45"]
[EventDate "2020.01.18"]
[EventType "team-tourn"]
[EventCountry "ESP"]
[SourceTitle "playchess.com"]
[Source "ChessBase"]
[SourceQuality "1"]
[TimeControl "5400+30"]

1. c4 Nf6 2. Nf3 e6 3. g3 c5 4. Bg2 Be7 5. O-O Nc6 6. Nc3 d5 7. cxd5 exd5 8. d4 O-O 9. b3 Ne4 10. Bb2 Bf6 11. Na4 b5 12. Nxc5 Nxc5 13. Rc1 Nb4 14. Rxc5 Be7 15. a3 Bxc5 16. dxc5 Na6 17. Qd4 f6 18. Ng5 Nc7 19. Rd1 Re8 20. Ne4 Bg4 21. Nd6 Rxe2 22. Qxg4 Rxb2 23. Bxd5+ 1-0

[Event "CAT-chT 2020"]
[Site "Catalonia"]
[Date "2020.02.15"]
[Round "5.9"]
[White "Martinez Ramirez, Erik"]
[Black "Travesset Sagre, Jan"]
[Result "1-0"]
[ECO "B12"]
[WhiteElo "2229"]
[BlackElo "2022"]
[Annotator "ChessBase"]
[PlyCount "109"]
[EventDate "2020.01.18"]
[EventType "team-tourn"]
[EventCountry "ESP"]
[SourceTitle "playchess.com"]
[Source "ChessBase"]
[SourceQuality "1"]
[TimeControl "5400+30"]

1. e4 c6 2. Nf3 g6 3. d4 Bg7 4. Nbd2 d5 5. c3 dxe4 6. Nxe4 Nf6 7. Nxf6+ exf6 8. Be3 O-O 9. Qd2 Re8 10. O-O-O Qa5 11. b3 Na6 12. Kb2 Bf8 13. b4 Qa4 14. Qc2 Qxc2+ 15. Kxc2 Nc7 16. a4 Nd5 17. Bd2 a6 18. h3 Be6 19. a5 Bd6 20. g3 Bf5+ 21. Bd3 Bxd3+ 22. Kxd3 f5 23. Rhe1 Nf6 24. Bh6 Rxe1 25. Rxe1 Ne4 26. Re2 Nf6 27. Nd2 Re8 28. Rxe8+ Nxe8 29. Nc4 Bc7 30. Bf4 Bxf4 31. gxf4 Kf8 32. Ne5 f6 33. Nd7+ Ke7 34. Nc5 Nd6 35. c4 g5 36. d5 cxd5 37. cxd5 h5 38. Ke3 h4 39. f3 Kf7 40. Ne6 Kg6 41. Nd4 Kh5 42. Ne2 g4 43. Ng1 g3 44. Kd4 Kg6 45. Kc5 Nf7 46. Kb6 Nd6 47. Kc7 Ne8+ 48. Kxb7 Kf7 49. Kxa6 Ke7 50. Kb6 Kd6 51. a6 Nc7 52. a7 Nxd5+ 53. Kb7 Nc7 54. b5 Kd7 55. a8=Q 1-0

[Event "CAT-chT 2020"]
[Site "Catalonia"]
[Date "2020.02.15"]
[Round "5.9"]
[White "Chalmeta Ugas, Jordi"]
[Black "Lever, Erwan"]
[Result "1-0"]
[ECO "D80"]
[WhiteElo "2173"]
[BlackElo "2146"]
[Annotator "NA"]
[PlyCount "65"]
[EventDate "2020.01.18"]
[EventType "team-tourn"]
[EventCountry "ESP"]
[SourceTitle "playchess.com"]
[Source "ChessBase"]
[SourceQuality "1"]
[TimeControl "5400+30"]

1. d4 Nf6 2. c4 g6 3. Nc3 d5 4. e3 Bg7 5. cxd5 Nxd5 6. Nxd5 Qxd5 7. Ne2 O-O $11 8. Nc3 Qd6 9. Be2 c5 10. d5 e6 11. e4 exd5 12. exd5 Nd7 13. O-O Nf6 14. Bf3 Bf5 15. g3 Rfe8 16. Bf4 Qd7 17. Qb3 Ne4 18. Rfe1 Nxc3 19. bxc3 c4 20. Rxe8+ Rxe8 21. Qxc4 Rc8 22. Qe2 Bxc3 23. Rc1 h5 24. h4 b5 25. d6 a5 26. Bd5 Re8 27. Qf3 Re1+ 28. Rxe1 Bxe1 29. Bc6 Qd8 30. Bxb5 Bb4 31. Qc6 Qf6 32. Qe8+ Kh7 33. Be5 1-0

[Event "CAT-chT 2020"]
[Site "Catalonia"]
[Date "2020.02.15"]
[Round "5.10"]
[White "Garcia Marin, Guillem"]
[Black "Alvarez Albiol, Victor"]
[Result "0-1"]
[ECO "A43"]
[WhiteElo "2037"]
[BlackElo "2163"]
[Annotator "ChessBase"]
[PlyCount "76"]
[EventDate "2020.01.18"]
[EventType "team-tourn"]
[EventCountry "ESP"]
[SourceTitle "playchess.com"]
[Source "ChessBase"]
[SourceQuality "1"]
[TimeControl "5400+30"]

1. d4 Nf6 2. Nf3 c5 3. d5 g6 4. Nc3 Bg7 5. e4 d6 6. Bc4 O-O 7. O-O Nbd7 8. a4 Nb6 9. Bb3 Bg4 10. a5 Nbd7 11. h3 Bxf3 12. Qxf3 b6 13. axb6 axb6 14. Bg5 h6 15. Bh4 Ne5 16. Qe2 g5 17. Bg3 Ng6 18. Ba4 b5 19. Nxb5 Nd7 20. c4 Nde5 21. Bb3 Nf4 22. Bxf4 gxf4 23. Ra3 f3 24. gxf3 Ng6 25. Rxa8 Qxa8 26. Qd2 Qc8 27. f4 Qxh3 28. Qe3 Nxf4 29. Qxh3 Nxh3+ 30. Kh2 Nf4 31. Rg1 Kh8 32. Rg4 Be5 33. Kg1 Ra8 34. Na3 Ng6 35. Nb5 Ra1+ 36. Kg2 h5 37. Rg5 Nh4+ 38. Kh3 Rh1# 0-1

[Event "CAT-chT 2020"]
[Site "Catalonia"]
[Date "2020.02.15"]
[Round "5.10"]
[White "Anguera Maestro, Jaime"]
[Black "Ramirez Carrizo, Victor Jose"]
[Result "1-0"]
[ECO "D02"]
[WhiteElo "2022"]
[BlackElo "2190"]
[Annotator "ChessBase"]
[PlyCount "85"]
[EventDate "2020.01.18"]
[EventType "team-tourn"]
[EventCountry "ESP"]
[SourceTitle "playchess.com"]
[Source "ChessBase"]
[SourceQuality "1"]
[TimeControl "5400+30"]

1. d4 d5 2. Nf3 Nf6 3. Bf4 e6 4. e3 Bd6 5. Bg3 O-O 6. Bd3 b6 7. Nbd2 Bb7 8. Ne5 c5 9. c3 Nc6 10. O-O Ne7 11. Ng4 Ne4 12. Bxd6 Qxd6 13. f3 Nxd2 14. Qxd2 Rad8 15. f4 f6 16. Rf3 Nf5 17. Rh3 Qe7 18. Nf2 g6 19. Nh1 Nd6 20. Qf2 Ne4 21. Qh4 Rd7 22. Rf1 c4 23. Bc2 b5 24. g4 b4 25. Bxe4 dxe4 26. Qe1 a5 27. Nf2 Bd5 28. Nd1 Rb7 29. Rf2 Rfb8 30. Rg3 Bc6 31. Rgg2 Ba4 32. Rd2 Qd6 33. h3 Qd5 34. Kh2 Rf8 35. g5 fxg5 36. Rxg5 Rf5 37. Rgg2 Kh8 38. Nf2 Rg7 39. Ng4 g5 40. Ne5 Qb7 41. fxg5 Rfxg5 42. Qg1 Qe7 43. Rxg5 1-0

[Event "CAT-chT 2020"]
[Site "Catalonia"]
[Date "2020.02.22"]
[Round "6.2"]
[White "Boix Moreno, Daniel"]
[Black "Aguero Jimenez, Luis Lazaro"]
[Result "0-1"]
[ECO "B40"]
[WhiteElo "2255"]
[BlackElo "2495"]
[Annotator "ChessBase"]
[PlyCount "34"]
[EventDate "2020.01.18"]
[EventType "team-tourn"]
[EventCountry "ESP"]
[SourceTitle "playchess.com"]
[Source "ChessBase"]
[SourceQuality "1"]
[TimeControl "5400+30"]

1. e4 c5 2. Nf3 e6 3. Nc3 Nc6 4. Bb5 Nge7 5. O-O Ng6 6. Re1 Be7 7. b3 O-O 8. Bb2 Qc7 9. Bxc6 bxc6 10. Na4 e5 11. c3 d5 12. d3 f5 13. Qc2 fxe4 14. dxe4 Rxf3 15. gxf3 Qd7 16. Qe2 Nf4 17. Qf1 Qd6 0-1

[Event "CAT-chT 2020"]
[Site "Catalonia"]
[Date "2020.02.22"]
[Round "6.4"]
[White "Hernandez Cigaran, Cristian"]
[Black "Pang, Khai Jie Ryan"]
[Result "1/2-1/2"]
[ECO "D37"]
[WhiteElo "2352"]
[BlackElo "1841"]
[Annotator "NA"]
[PlyCount "36"]
[EventDate "2020.01.18"]
[EventType "team-tourn"]
[EventCountry "ESP"]
[SourceTitle "playchess.com"]
[Source "ChessBase"]
[SourceQuality "1"]
[TimeControl "5400+30"]

1. d4 Nf6 2. Nf3 d5 3. c4 e6 4. Nc3 Be7 5. Bf4 O-O 6. e3 Nbd7 7. Qc2 c5 8. Rd1 b6 9. cxd5 Nxd5 10. Nxd5 exd5 11. dxc5 Nxc5 12. Be2 Bb7 13. O-O Rc8 14. Qb1 Bf6 15. Be5 Bxe5 16. Nxe5 Qf6 17. Nf3 Ne4 18. Nd4 Rc5 1/2-1/2

[Event "CAT-chT 2020"]
[Site "Catalonia"]
[Date "2020.02.22"]
[Round "6.4"]
[White "Gallart Zafra, Jaume"]
[Black "Lillo Castany, Victor"]
[Result "0-1"]
[ECO "C44"]
[WhiteElo "2165"]
[BlackElo "2326"]
[Annotator "NA"]
[PlyCount "24"]
[EventDate "2020.01.18"]
[EventType "team-tourn"]
[EventCountry "ESP"]
[SourceTitle "playchess.com"]
[Source "ChessBase"]
[SourceQuality "1"]
[TimeControl "5400+30"]

1. e4 e5 2. Nf3 Nc6 3. d4 exd4 4. Nxd4 Qf6 5. Be3 Bc5 6. c3 Nge7 7. Bc4 O-O 8. O-O b6 9. Na3 Bb7 10. Nxc6 Bxc6 11. Bxc5 bxc5 12. Re1 Rab8 0-1